3L
THUNDER BAY NORTHERN LIONS BC @ CHICAGO HAWKS
09/26/2018
 
TOP OF THE 1ST
Thunder Bay Northern Lions BC batting - Pitching for Chicago Hawks : LHP Tim Powell
Pitching: LHP Tim Powell
Batting: SHB Arnold Griffith 0-0: DOUBLE (Flyball, 9LS)
Batting: RHB Duncan Thomas 0-0: Called Strike
0-1: Called Strike
0-2: Ball
1-2: Ball
2-2: Ball
3-2: Base on Balls
Batting: RHB Keith Burnett 0-0: Swinging Strike
0-1: Ball
1-1: Foul Ball, location: 2F
1-2: 3-RUN HOME RUN (Flyball, 7D), Distance : 343 ft
Batting: LHB David Smith 0-0: Ball
1-0: Called Strike
1-1: Ball
2-1: Swinging Strike
2-2: Fly out, F8 (Popup, 4MD)
Batting: LHB John Brewer 0-0: Ball
1-0: Ball
2-0: Fly out, F9 (Flyball, 9LM)
Batting: LHB Theodore Shaw 0-0: Ball
1-0: Ball
2-0: Called Strike
2-1: Fly out, F7 (Line Drive, 78M)
Top of the 1st over - 3 run(s), 2 hit(s), 0 error(s), 0 left on base; Thunder Bay 3 - Chicago 0
BOTTOM OF THE 1ST
Chicago Hawks batting - Pitching for Thunder Bay Northern Lions BC : RHP Clemente Prista
Pitching: RHP Clemente Prista
Batting: LHB Motoshige Kitamura 0-0: Ball
1-0: Foul Ball, location: 2F
1-1: SINGLE (Line Drive, 78S)
Batting: LHB Paul Wilson 0-0: Ball
1-0: Ball
2-0: Fielders Choice at 2nd, 3-6 (Groundball, 3)
Batting: RHB Bryan Manning 0-0: Ball
1-0: Foul Ball, location: 2F
1-1: Foul Ball, location: 2F
1-2: Grounds into double play, 4-6-3 (Groundball, 4)
Bottom of the 1st over - 0 run(s), 1 hit(s), 0 error(s), 0 left on base; Thunder Bay 3 - Chicago 0
TOP OF THE 2ND
Thunder Bay Northern Lions BC batting - Pitching for Chicago Hawks : LHP Tim Powell
Batting: RHB Jacob Holt 0-0: Ball
1-0: Ball
2-0: Ball
3-0: Base on Balls
Batting: RHB Ramiro Rico 0-0: Ball
1-0: Foul Ball, location: 2F
1-1: SINGLE (Groundball, 6MD)
Jacob Holt to second
Batting: SHB Clemente Prista 0-0: Bunted foul
0-1: Sac Bunt - play at first, batter OUT! 1-4
Jacob Holt to third
Ramiro Rico to second
Batting: SHB Arnold Griffith 0-0: Foul Ball, location: 2F
0-1: Foul Ball, location: 2F
0-2: Ball
1-2: Strikes out swinging
Batting: RHB Duncan Thomas 0-0: Fly out, F8 (Flyball, 8LD)
Top of the 2nd over - 0 run(s), 1 hit(s), 0 error(s), 2 left on base; Thunder Bay 3 - Chicago 0
BOTTOM OF THE 2ND
Chicago Hawks batting - Pitching for Thunder Bay Northern Lions BC : RHP Clemente Prista
Batting: LHB Bobby Moore 0-0: Swinging Strike
0-1: Ball
1-1: Ground out 4-3 (Groundball, 13)
Batting: RHB Jack Tucker 0-0: Ground out U3 (Groundball, 3)
Batting: RHB Ed Whitaker 0-0: Swinging Strike
0-1: Swinging Strike
0-2: Fly out, F5 (Popup, 5F)
Bottom of the 2nd over - 0 run(s), 0 hit(s), 0 error(s), 0 left on base; Thunder Bay 3 - Chicago 0
TOP OF THE 3RD
Thunder Bay Northern Lions BC batting - Pitching for Chicago Hawks : LHP Tim Powell
Batting: RHB Keith Burnett 0-0: Ball
1-0: Ball
2-0: Ball
3-0: Called Strike
3-1: Base on Balls
Batting: LHB David Smith 0-0: Ball
1-0: Swinging Strike
1-1: Ball
2-1: Foul Ball, location: 2F
2-2: Ball
3-2: Foul Ball, location: 2F
3-2: Fly out, F8 (Popup, 6D)
Batting: LHB John Brewer 0-0: Called Strike
0-1: Ball
1-1: Foul Ball, location: 2F
1-2: Ball
Keith Burnett is caught stealing 2nd base
2-2: Ball
3-2: Foul Ball, location: 2F
3-2: DOUBLE (Flyball, 78D)
Batting: LHB Theodore Shaw 0-0: Ball
1-0: SINGLE (Groundball, 34D)
John Brewer to third
Runner from 3rd tries for Home, SAFE, no throw or cutoff
Batting: RHB Jacob Holt 0-0: Ball
1-0: Fielders Choice at 2nd, U4 (Groundball, 4M)
Top of the 3rd over - 1 run(s), 2 hit(s), 0 error(s), 1 left on base; Thunder Bay 4 - Chicago 0
BOTTOM OF THE 3RD
Chicago Hawks batting - Pitching for Thunder Bay Northern Lions BC : RHP Clemente Prista
Batting: RHB José Bravo 0-0: Ball
1-0: Called Strike
1-1: Swinging Strike
1-2: Foul Ball, location: 2F
1-2: Strikes out swinging
Batting: RHB Ted Young 0-0: Called Strike
0-1: Ground out 6-3 (Groundball, 6)
Pinch Hitting: RHB Joe Guy 0-0: Ball
1-0: Ground out 5-3 (Groundball, 5L)
Bottom of the 3rd over - 0 run(s), 0 hit(s), 0 error(s), 0 left on base; Thunder Bay 4 - Chicago 0
TOP OF THE 4TH
Thunder Bay Northern Lions BC batting - Pitching for Chicago Hawks : LHP Tim Powell
Pitching: RHP Clarence Lee
Batting: RHB Ramiro Rico 0-0: Ball
1-0: Foul Ball, location: 2F
1-1: Foul Ball, location: 2F
1-2: SINGLE (Line Drive, 6MD)
Batting: SHB Clemente Prista 0-0: Sac Bunt - play at first, batter OUT! 2-4
Ramiro Rico to second
Batting: SHB Arnold Griffith 0-0: Called Strike
0-1: Ball
1-1: Ball
2-1: Fly out, F8 (Flyball, 8LM)
Batting: RHB Duncan Thomas 0-0: Called Strike
0-1: Ball
1-1: Ball
2-1: Foul Ball, location: 2F
2-2: Ground out 1-3 (Groundball, 23)
Top of the 4th over - 0 run(s), 1 hit(s), 0 error(s), 1 left on base; Thunder Bay 4 - Chicago 0
BOTTOM OF THE 4TH
Chicago Hawks batting - Pitching for Thunder Bay Northern Lions BC : RHP Clemente Prista
Batting: LHB Motoshige Kitamura 0-0: Fly out, F5 (Line Drive, 56)
Batting: LHB Paul Wilson 0-0: Called Strike
0-1: Fly out, F8 (Flyball, 8LM)
Batting: RHB Bryan Manning 0-0: Ball
1-0: Ball
2-0: Ball
3-0: Called Strike
3-1: Foul Ball, location: 2F
3-2: Base on Balls
Batting: LHB Bobby Moore 0-0: Ball
1-0: Fly out, F8 (Flyball, 89XD)
Bottom of the 4th over - 0 run(s), 0 hit(s), 0 error(s), 1 left on base; Thunder Bay 4 - Chicago 0
TOP OF THE 5TH
Thunder Bay Northern Lions BC batting - Pitching for Chicago Hawks : RHP Clarence Lee
Batting: RHB Keith Burnett 0-0: Ball
1-0: Swinging Strike
1-1: Ground out 6-3 (Groundball, 6)
Batting: LHB David Smith 0-0: SINGLE (Line Drive, 4MD)
Batting: LHB John Brewer 0-0: Ball
1-0: Fly out, F5 (Line Drive, 5S)
Batting: LHB Theodore Shaw 0-0: Called Strike
0-1: Fly out, F5 (Popup, 25F)
Top of the 5th over - 0 run(s), 1 hit(s), 0 error(s), 1 left on base; Thunder Bay 4 - Chicago 0
BOTTOM OF THE 5TH
Chicago Hawks batting - Pitching for Thunder Bay Northern Lions BC : RHP Clemente Prista
Batting: RHB Jack Tucker 0-0: Fly out, F9 (Flyball, 9M)
Batting: RHB Ed Whitaker 0-0: Called Strike
0-1: Ball
1-1: TRIPLE (Line Drive, 9LS)
Batting: RHB José Bravo 0-0: Ball
1-0: Called Strike
1-1: Ball
2-1: Called Strike
2-2: Strikes out swinging
Batting: RHB Ted Young 0-0: Foul Ball, location: 2F
0-1: Ball
1-1: Swinging Strike
1-2: Ball
2-2: Strikes out looking
Bottom of the 5th over - 0 run(s), 1 hit(s), 0 error(s), 1 left on base; Thunder Bay 4 - Chicago 0
TOP OF THE 6TH
Thunder Bay Northern Lions BC batting - Pitching for Chicago Hawks : RHP Clarence Lee
Batting: RHB Jacob Holt 0-0: Ground out 4-3 (Groundball, 4)
Batting: RHB Ramiro Rico 0-0: Called Strike
0-1: Ball
1-1: Ball
2-1: Fly out, F9 (Popup, 4D)
Batting: SHB Clemente Prista 0-0: Ball
1-0: Ball
2-0: Ball
3-0: Base on Balls
Batting: SHB Arnold Griffith 0-0: Ball
1-0: Foul Ball, location: 2F
1-1: Ball
2-1: Foul Ball, location: 2F
2-2: Ball
3-2: Foul Ball, location: 2F
3-2: SINGLE (Groundball, 34)
Clemente Prista to second
Clemente Prista to third
Batting: RHB Duncan Thomas 0-0: Ball
1-0: Ball
2-0: Foul Ball, location: 2F
2-1: SINGLE (Line Drive, 6MD)
Clemente Prista scores
Arnold Griffith to second
Batting: RHB Keith Burnett 0-0: Foul Ball, location: 2F
0-1: Ground out 5-3 (Groundball, 5L)
Top of the 6th over - 1 run(s), 2 hit(s), 0 error(s), 2 left on base; Thunder Bay 5 - Chicago 0
BOTTOM OF THE 6TH
Chicago Hawks batting - Pitching for Thunder Bay Northern Lions BC : RHP Clemente Prista
Pinch Hitting: RHB Raúl Hernández 0-0: Ball
1-0: Foul Ball, location: 2F
1-1: Foul Ball, location: 2F
1-2: Fly out, F8 (Flyball, 8RM)
Batting: LHB Motoshige Kitamura 0-0: Ball
1-0: Ball
2-0: Foul Ball, location: 2F
2-1: Ball
3-1: Fly out, F3 (Popup, 13S)
Batting: LHB Paul Wilson 0-0: Ball
1-0: Swinging Strike
1-1: Foul Ball, location: 2F
1-2: Foul Ball, location: 2F
1-2: Strikes out swinging
Bottom of the 6th over - 0 run(s), 0 hit(s), 0 error(s), 0 left on base; Thunder Bay 5 - Chicago 0
TOP OF THE 7TH
Thunder Bay Northern Lions BC batting - Pitching for Chicago Hawks : RHP Clarence Lee
Pitching: RHP José Lozano
Batting: LHB David Smith 0-0: Ball
1-0: Swinging Strike
1-1: Ground out 4-3 (Groundball, 4)
Batting: LHB John Brewer 0-0: Ball
1-0: Ground out 3-1 (Groundball, 34)
Batting: LHB Theodore Shaw 0-0: Ball
1-0: Fly out, F9 (Flyball, 9M)
Top of the 7th over - 0 run(s), 0 hit(s), 0 error(s), 0 left on base; Thunder Bay 5 - Chicago 0
BOTTOM OF THE 7TH
Chicago Hawks batting - Pitching for Thunder Bay Northern Lions BC : RHP Clemente Prista
Batting: RHB Bryan Manning 0-0: Ball
1-0: Swinging Strike
1-1: Called Strike
1-2: Foul Ball, location: 2F
1-2: SOLO HOME RUN (Flyball, 8LXD), Distance : 469 ft
Batting: LHB Bobby Moore 0-0: Ball
1-0: Fly out, F7 (Popup, 5D)
Batting: RHB Jack Tucker 0-0: Called Strike
0-1: Ball
1-1: Ball
2-1: Foul Ball, location: 2F
2-2: TRIPLE (Line Drive, 8RXD)
Batting: RHB Ed Whitaker 0-0: Swinging Strike
0-1: Called Strike
0-2: Ball
1-2: Strikes out looking
Batting: RHB José Bravo 0-0: Ball
1-0: Ground out 5-3 (Groundball, 5)
Bottom of the 7th over - 1 run(s), 2 hit(s), 0 error(s), 1 left on base; Thunder Bay 5 - Chicago 1
TOP OF THE 8TH
Thunder Bay Northern Lions BC batting - Pitching for Chicago Hawks : RHP José Lozano
Batting: RHB Jacob Holt 0-0: Fly out, F5 (Popup, 5)
Batting: RHB Ramiro Rico 0-0: Called Strike
0-1: Ball
1-1: Foul Ball, location: 2F
1-2: SINGLE (Groundball, 56D)
Pinch Hitting: RHB Vernon Caw 0-0: Fly out, F4 (Popup, 34D)
Batting: SHB Arnold Griffith 0-0: Swinging Strike
0-1: Called Strike
0-2: Ball
1-2: Ball
2-2: Fly out, F8 (Flyball, 8LD)
Top of the 8th over - 0 run(s), 1 hit(s), 0 error(s), 1 left on base; Thunder Bay 5 - Chicago 1
BOTTOM OF THE 8TH
Chicago Hawks batting - Pitching for Thunder Bay Northern Lions BC : RHP Clemente Prista
Pitching: RHP Reynaldo Díaz
Batting: RHB Ted Young 0-0: Called Strike
0-1: Foul Ball, location: 2F
0-2: Ball
1-2: Strikes out swinging
Pinch Hitting: SHB Esteban Márquez 0-0: Ball
1-0: Ball
2-0: Fly out, F9 (Flyball, 9D)
Batting: LHB Motoshige Kitamura 0-0: Called Strike
0-1: Ball
1-1: Ball
2-1: Ball
3-1: Base on Balls
Batting: LHB Paul Wilson 0-0: Ball
1-0: Fly out, F7 (Line Drive, 7M)
Bottom of the 8th over - 0 run(s), 0 hit(s), 0 error(s), 1 left on base; Thunder Bay 5 - Chicago 1
TOP OF THE 9TH
Thunder Bay Northern Lions BC batting - Pitching for Chicago Hawks : RHP José Lozano
Pitching: RHP Jesús González
Batting: RHB Duncan Thomas 0-0: Called Strike
0-1: Ball
1-1: Ball
2-1: Ball
3-1: SOLO HOME RUN (Flyball, 8LXD), Distance : 427 ft
Batting: RHB Keith Burnett 0-0: Ball
1-0: Ball
2-0: Ball
3-0: Base on Balls
Batting: LHB David Smith 0-0: Ball
1-0: Called Strike
1-1: Ball
2-1: Ball
3-1: Base on Balls
Keith Burnett to second
Batting: LHB John Brewer 0-0: Ball
1-0: Foul Ball, location: 2F
1-1: Ball
2-1: Ball
3-1: Grounds into double play, 4-6-3 (Groundball, 4)
Keith Burnett to third
Batting: LHB Theodore Shaw 0-0: Called Strike
0-1: Swinging Strike
0-2: Ball
1-2: Ball
2-2: Ball
Wild Pitch!
Keith Burnett scores
3-2: Fly out, F7 (Popup, 6D)
Top of the 9th over - 2 run(s), 1 hit(s), 0 error(s), 0 left on base; Thunder Bay 7 - Chicago 1
BOTTOM OF THE 9TH
Chicago Hawks batting - Pitching for Thunder Bay Northern Lions BC : RHP Reynaldo Díaz
Batting: RHB Bryan Manning 0-0: Called Strike
0-1: Ground out 5-3 (Groundball, 56)
Batting: LHB Bobby Moore 0-0: Ball
1-0: Ball
2-0: SINGLE (Line Drive, 7S)
Batting: RHB Jack Tucker 0-0: Foul Ball, location: 2F
0-1: Ball
1-1: SINGLE (Line Drive, 7S)
Bobby Moore to second
Batting: RHB Ed Whitaker 0-0: Ball
Wild Pitch!
Bobby Moore to third
Jack Tucker to second
1-0: SINGLE (Groundball, 56D)
Bobby Moore scores
Jack Tucker to third
Runner from 3rd tries for Home, SAFE, throw made home
Pitching: LHP Jesús Gonzáles
Batting: RHB José Bravo 0-0: Ball
1-0: Foul Ball, location: 2F
1-1: Grounds into double play, 6-4-3 (Groundball, 6)
Bottom of the 9th over - 2 run(s), 3 hit(s), 0 error(s), 0 left on base; Thunder Bay 7 - Chicago 3
This league is powered by Out of the Park Baseball, the baseball management simulation game for PC, Mac and Linux
Monday, May 4th, 2015 - OOTP Baseball 15.6 Build 34